 Dungeon Crawl Stone Soup version 0.32-a0-918-g0f22ef8d61 (webtiles) character file.

Game seed: 2620601378741250628

2702 sthehill the Basher (level 9, -5/82 HPs)
             Began as a Mountain Dwarf Fighter on Apr 11, 2024.
             Was an Elder of Trog.
             Slain by a two-headed ogre
             ... wielding a +1 heavy dire flail
              (7 damage)
             ... on level 8 of the Dungeon.
             The game lasted 00:29:50 (8122 turns).

sthehill the Basher (Mountain Dwarf Fighter)        Turns: 8122, Time: 00:29:51

Health: -5/82      AC: 16    Str: 22    XL:     9   Next: 38%
Magic:  9/9        EV:  5    Int: 15    God:    Trog [****..]
Gold:   208        SH:  5    Dex:  9    Spells: 8/8 levels left

rFire   . . .        N - +5 hammer "Killer Bee's Doom" {pain, rC- Int+5 SInv Stlth+}
rCold   x . .        c - +0 buckler
rNeg    . . .        F - +0 plate armour
rPois   .            (no helmet)
rElec   .            y - +0 cloak
rCorr   .            (no gloves)
SInv    +            n - +1 pair of boots
Will    .....        H - amulet of regeneration Stlth
                     (no ring)
HPRegen 1.13/turn    (no ring)
MPRegen 0.11/turn

%: no passive effects
@: on berserk cooldown, slowed, very slow
A: runic magic, artefact enchanting
a: Renounce Religion, Berserk, Trog's Hand, Brothers in Arms


You were on level 8 of the Dungeon.
You worshipped Trog.
Trog was greatly pleased with you.
You visited 1 branch of the dungeon, and saw 8 of its levels.
You also visited: Bailey.

You collected 399 gold pieces.
You spent 191 gold pieces at shops.

Inventory:

Hand Weapons
 a - a +0 flail
 N - the +5 hammer "Killer Bee's Doom" (weapon) {pain, rC- Int+5 SInv Stlth+}
   (You found it on level 7 of the Dungeon)

   Int+5:     It affects your intelligence (+5).
   rC-:       It makes you vulnerable to cold.
   SInv:      It lets you see invisible.
   Stlth+:    It makes you more stealthy.
Missiles
 k - 6 javelins (quivered)
 w - 3 atropa-tipped darts
 x - 8 poisoned darts
 D - 3 datura-tipped darts
Armour
 b - a +0 scale mail
 c - a +0 buckler (worn)
 n - a +1 pair of boots (worn)
 y - a +0 cloak (worn)
 F - a +0 plate armour (worn)
 I - a scarf of repulsion
Jewellery
 h - a ring of magical power
 p - an amulet of reflection
 H - an amulet of regeneration (around neck)
Wands
 G - a wand of flame (16)
 L - a wand of charming (7)
Scrolls
 g - 6 scrolls of identify {unknown}
 i - a scroll of blinking {unknown}
 j - a scroll of enchant weapon {unknown}
 m - 2 scrolls of vulnerability {unknown}
 q - 3 scrolls of amnesia {unknown}
 s - 4 scrolls of fear {unknown}
 u - 3 scrolls of teleportation {unknown}
 v - a scroll of immolation {unknown}
 E - 3 scrolls of noise {unknown}
Potions
 d - 2 potions of might
 e - 2 potions of lignification {unknown}
 f - 2 potions of brilliance {unknown}
 l - a potion of enlightenment {unknown}
 o - 2 potions of curing {unknown}
 r - 3 potions of ambrosia {unknown}
 t - a potion of degeneration {unknown}
 z - 2 potions of resistance {unknown}
 A - a potion of cancellation {unknown}
 B - 2 potions of magic {unknown}
 C - a potion of mutation {unknown}
 J - 2 potions of heal wounds {unknown}
 M - a potion of haste {unknown}


   Skills:
 * Level 8.8 Fighting
 * Level 9.3 Maces & Flails
 + Level 6.5 Armour
 + Level 6.6 Shields


You had 8 spell levels left.
You didn't know any spells.
Your spell library contained the following spells:

 Spells                   Type           Power      Damage    Failure   Level
 Necrotise                Necr           0%         1d4       54%         1
 Sting                    Conj/Alch      0%         1d3       54%         1
 Summon Small Mammal      Summ           0%         N/A       54%         1
 Ensorcelled Hibernation  Hex/Ice        0%         N/A       69%         2
 Lesser Beckoning         Tloc           0%         N/A       69%         2
 Mercury Vapours          Alch/Air       0%         N/A       69%         2
 Call Canine Familiar     Summ           0%         N/A       89%         3
 Fugue of the Fallen      Necr           0%         N/A       89%         3
 Inner Flame              Hex/Fire       0%         N/A       89%         3
 Maxwell's Portable Pile  Tloc           0%         2d(5-13)  89%         3
 Teleport Other           Tloc           0%         N/A       89%         3
 Vampiric Draining        Necr           0%         2d6       89%         3
 Anguish                  Hex/Necr       0%         N/A       100%        4
 Flame Wave               Conj/Fire      0%         2d4       100%        4
 Martyr's Knell           Necr/Summ      0%         N/A       100%        4
 Olgreb's Toxic Radiance  Alch           0%         N/A       100%        4
 Sticky Flame             Fire/Alch      0%         2d4       100%        4
 Summon Blazeheart Golem  Fire/Summ      0%         N/A       100%        4
 Curse of Agony           Necr           0%         N/A       100%        5


Dungeon Overview and Level Annotations

Branches:
Dungeon (8/15)             Temple (0/1) D:6          Bailey (visited)
   Lair: D:8-11

Altars:
Dithmenos
Elyvilon
Trog
Zin

Shops:
D:1 (   D:3 (   D:6 (=[!:


Innate Abilities, Weirdness & Mutations

Your spellcasting is much less encumbered by armour.
You can use scrolls of enchantment on lesser artefacts.


Message History

You sock the killer bee!
You kill the killer bee!
Trog accepts your kill.
You feel sick.
You feel sick.
You see here a killer bee corpse.
A two-headed ogre comes into view.
It is wielding a +1 heavy dire flail and a +0 giant club.
You feel a strong urge to attack something.
You feel sick.
The two-headed ogre shouts in stereo!
You are no longer berserk.
You are exhausted.
You feel yourself slow down.
You feel sick.
You feel sick.
You are no longer poisoned.
The two-headed ogre hits you with a +1 heavy dire flail!
The two-headed ogre hits you but does no damage.
There is a stone staircase leading down, spattered with blood here.
You hit the two-headed ogre.
The two-headed ogre is lightly wounded.
The two-headed ogre barely misses you.
The two-headed ogre hits you with a +0 giant club!
You sock the two-headed ogre!
The two-headed ogre is moderately wounded.
The two-headed ogre hits you with a +1 heavy dire flail!
The two-headed ogre hits you but does no damage.
You hit the two-headed ogre.
The two-headed ogre is moderately wounded.
You hit the two-headed ogre.
The two-headed ogre is moderately wounded.
The two-headed ogre hits you with a +1 heavy dire flail.
The two-headed ogre hits you with a +0 giant club!!
* * * LOW HITPOINT WARNING * * *
You sock the two-headed ogre!
The two-headed ogre is heavily wounded.
The two-headed ogre hits you with a +1 heavy dire flail!
* * * LOW HITPOINT WARNING * * *
The two-headed ogre hits you with a +0 giant club!
You die...

.. #. . ###.# .##.
#.#.# ..... .#
...####..... (.##
#.........# ....
#...O.....# #....
#..@......#
#....###..........
..................
.................#
.......††........#
.(....†..........#
.................#
........#.........
#.......###.>......


You could see a two-headed ogre.

Vanquished Creatures
  Sigmund (D:2)
  2 water moccasins
  2 ice beasts
  A black bear (D:5)
  A sky beast (D:7)
  2 ogres
  The ghost of KEVIN the Shooter, an amateur CoHu (D:3)
  A centaur (D:5)
  2 phantoms
  2 bullfrogs (D:7)
  2 scorpions (D:6)
  5 wights (D:6)
  3 killer bees (D:8)
  2 howler monkeys (D:5)
  An electric eel (D:6)
  A bombardier beetle (D:5)
  3 hounds
  2 orc priests
  A jelly (D:7)
  Crazy Yiuf (D:7)
  A sleepcap (D:4)
  Terence (D:3)
  4 iguanas
  An orc wizard (D:7)
  Robin (D:3)
  9 adders
  6 gnolls
  A shadow imp (D:7)
  A white imp (D:6)
  2 ufetubi (D:3)
  3 ribbon worms
  4 dart slugs (D:3)
  17 orcs
  4 ball pythons (D:3)
  9 endoplasms
  3 giant cockroaches
  19 goblins
  9 hobgoblins
  2 jackals (D:2)
  2 quokkas (D:3)
  3 bats (D:1)
  2 frilled lizards
  11 kobolds
  7 rats
158 creatures vanquished.

Vanquished Creatures (others)
  A butterfly (D:7)
1 creature vanquished.

Grand Total: 159 creatures vanquished

Notes
Turn   | Place    | Note
-------+----------+-------------------------------------------
     0 | D:1      | sthehill the Mountain Dwarf Fighter began the quest for the
                  | Orb.
     0 | D:1      | Reached XP level 1. HP: 19/19 MP: 1/1
   147 | D:1      | Reached XP level 2. HP: 5/26 MP: 2/2
   334 | D:1      | Found a faded altar of an unknown god.
   341 | D:1      | Prayed at the altar of an unknown god.
   341 | D:1      | Became a worshipper of Trog the Wrathful
   341 | D:1      | Reached * piety under Trog
   549 | D:1      | Reached skill level 3 in Maces & Flails
   856 | D:1      | Found Oheryvun's Weapon Shoppe.
  1228 | D:2      | Reached XP level 3. HP: 33/33 MP: 3/3
  1332 | D:2      | Noticed Sigmund
  1344 | D:2      | Killed Sigmund
  1345 | D:2      | Reached skill level 4 in Maces & Flails
  1345 | D:2      | Reached XP level 4. HP: 41/41 MP: 4/4
  1345 | D:2      | Reached XP level 5. HP: 47/47 MP: 5/5
  2832 | D:3      | Reached ** piety under Trog
  2900 | D:3      | Found Sithrior's Weapon Boutique.
  2947 | D:3      | Bought 3 atropa-tipped darts for 35 gold pieces
  2964 | D:3      | Found a glowing silver altar of Zin.
  3034 | D:3      | Noticed Robin
  3044 | D:3      | Reached XP level 6. HP: 55/55 MP: 6/6
  3046 | D:3      | Killed Robin
  3047 | D:3      | Reached skill level 5 in Fighting
  3109 | D:3      | Noticed Terence
  3125 | D:3      | Killed Terence
  3126 | D:3      | Reached skill level 5 in Maces & Flails
  3135 | D:3      | Found a large runed translucent door.
  3136 | D:3      | Found a large runed translucent door.
  3144 | D:3      | Noticed KEVIN's ghost (amateur CoHu)
  3161 | D:3      | Killed KEVIN's ghost
  3673 | D:3      | Reached XP level 7. HP: 56/62 MP: 7/7
  3930 | D:4      | Reached *** piety under Trog
  3943 | D:4      | Reached skill level 6 in Maces & Flails
  4271 | D:4      | Reached skill level 5 in Shields
  4509 | D:5      | Entered Level 5 of the Dungeon
  4549 | D:5      | Reached skill level 5 in Armour
  4816 | D:5      | Reached XP level 8. HP: 71/71 MP: 8/8
  4931 | D:5      | Reached skill level 7 in Maces & Flails
  5929 | D:6      | Found Dacsi's Weapon Shop.
  5937 | D:6      | Bought a +1 flail of protection for 156 gold pieces
  6045 | D:6      | Found Ulahoace's Armour Shoppe.
  6046 | D:6      | Found Wajyloez's Jewellery Shop.
  6046 | D:6      | Found Pykhloru's Distillery.
  6054 | D:6      | Found Caut's Book Emporium.
  6225 | D:6      | Found a staircase to the Ecumenical Temple.
  6479 | D:6      | Reached skill level 8 in Maces & Flails
  7073 | D:7      | Reached XP level 9. HP: 80/81 MP: 9/9
  7112 | D:7      | Found a shadowy altar of Dithmenos.
  7231 | D:7      | Found a white marble altar of Elyvilon.
  7280 | D:7      | Found a flagged portal.
  7309 | D:7      | Reached **** piety under Trog
  7321 | Bailey   | Entered a bailey
  7418 | D:7      | Reached skill level 9 in Maces & Flails
  7682 | D:7      | Found a runed translucent door.
  7682 | D:7      | Identified the +5 hammer "Killer Bee's Doom" {pain, rC-
                  | Int+5 SInv Stlth+}
  7684 | D:7      | Noticed Crazy Yiuf
  7689 | D:7      | Killed Crazy Yiuf
  8114 | D:8      | Noticed a two-headed ogre
  8122 | D:8      | HP: 2/82 [two-headed ogre/+1 heavy dire flail (9)]
  8122 | D:8      | Slain by a two-headed ogre

Illustrated notes

Levels and vault maps discovered:
D:1:      matt_arrival_spirals, layout_basic, serial_shops, shop,
          shapermc_ecumenical_altar_venn, serial_bayou, serial_bayou_shore_a,
          serial_bayou_pond_e, serial_bayou_lake_a, serial_bayou_crossing,
          serial_bayou_pond_c, serial_bayou_lagoon_a
D:2:      layout_loops_cross, uniq_sigmund
D:3:      minmay_bubble_buster, layout_basic, zin_statuary, serial_shops,
          nicolae_shop_crystal, ebering_ghost_disaster_area, uniq_robin,
          uniq_terence
D:4:      layout_basic, serial_aquarium, aquarium_bridge_long_separate
          [aquarium_subvault_wall, aquarium_subvault_window,
          aquarium_subvault_bridge, aquarium_subvault_wall,
          aquarium_subvault_bridge, aquarium_subvault_bridge],
          aquarium_window_1, aquarium_window_2, aquarium_window_fake,
          aquarium_window_2, aquarium_view_2c, aquarium_balcony_3b,
          aquarium_pool_1
D:5:      layout_basic, chequers_serial_rivers_micro_e
D:6:      layout_basic, temple_green, serial_shops,
          nicolae_shop_bloodbath_and_beyond, serial_curves, eino_curves_01,
          eino_curves_03, nicolae_wooded_promenade
D:7:      layout_basic, nicolae_dithmenos_shadow_blocks,
          nicolae_elyvilon_peaceful_grove, enter_bailey_5,
          uniq_crazy_yiuf_cottage
D:8:      layout_cave_pools, david_lair_shrubbed, nzn_ghost_randoct,
          kennysheep_small_circle

Skill      XL: |  1  2  3  4  5  6  7  8  9 |
---------------+----------------------------+-----
Maces & Flails | 3 4 5 6 8 9 |  9.3
Fighting       | 4 5 6 8 |  8.8
Armour         | 4 5 6 |  6.5
Shields        | 4 5 6 |  6.6

Action                     |  1- 3 |  4- 6 |  7- 9 || total
---------------------------+-------+-------+-------++-------
  Melee: Flail             |    76 |   187 |   225 ||   488
         Morningstar       |       |       |    70 ||    70
         Mace              |       |       |    24 ||    24
  Throw: Javelin           |     4 |     5 |    17 ||    26
         Dart              |       |       |    11 ||    11
 Invoke: Berserk           |     1 |     1 |     1 ||     3
         Trog's Hand       |       |     1 |     1 ||     2
 Armour: Scale mail        |    51 |   168 |   107 ||   326
         Plate armour      |       |       |   174 ||   174
  Dodge: Dodged            |    28 |   133 |   104 ||   265
         Repelled          |       |       |     2 ||     2
  Block: Buckler           |     7 |    68 |   148 ||   223
         Reflection        |       |     1 |    10 ||    11

Table legend: (Time is in decaauts)
 A = Elapsed time spent in this place.
 B = Non-inter-level travel time spent in this place.
 C = Inter-level travel time spent in this place.
 D = Time resting spent in this place.
 E = Time spent auto-exploring this place.
 F = Levels seen in this place.
 G = Mean time per level.
                   A        B        C        D        E       F      G
               +--------+--------+--------+--------+--------+-----+--------+
         Total |   8292 |   8292 |      0 |   1761 |   4105 |   9 |  921.3 |
       Dungeon |   8285 |   8285 |      0 |   1761 |   4105 |   8 | 1035.6 |
        Bailey |      7 |      7 |      0 |      0 |      0 |   1 |    7.0 |
               +--------+--------+--------+--------+--------+-----+--------+

Top non-repeatable levels by time:
     D:3: 2012 daAuts
     D:6: 1747 daAuts
     D:1: 1226 daAuts
     D:7: 1097 daAuts
     D:4: 715 daAuts
     D:5: 706 daAuts
     D:2: 704 daAuts
     D:8: 75 daAuts
  Bailey: 7 daAuts
